 Dungeon Crawl Stone Soup version 0.17-a0-1970-g7a13dd1 (webtiles) character file.

13686 HungrySpirit the Grappler (level 12, -10/93 HPs)
             Began as a Naga Transmuter on Oct 4, 2015.
             Was the Champion of Cheibriados.
             Mangled by a yak (11 damage)
             ... on level 2 of the Lair of Beasts.
             The game lasted 00:32:10 (12526 turns).

HungrySpirit the Grappler (Naga Transmuter)        Turns: 12526, Time: 00:32:10

Health: -10/93     AC:  7    Str: 33    XL:     12   Next: 8%
Magic:  17/21      EV: 18    Int: 36    God:    Cheibriados [******]
Gold:   306        SH:  0    Dex: 26    Spells: 5 memorised, 10 levels left

rFire  . . .     SeeInvis +       - Unarmed
rCold  . . .     Clarity  .     y - +1 leather armour "Tafefen" {Str+5 Int+2 Slay+2}
rNeg   . . .     SustAt   .     (shield currently unavailable)
rPois  +         Gourm    .     (no helmet)
rElec  .         Spirit   .     D - +0 cloak
rCorr  .         Warding  .     (gloves currently unavailable)
rMut   .         Stasis   .     (no barding)
MR     +....                    K - amulet of regeneration
Stlth  ++........               v - +2 ring of evasion
                                i - +2 ring of evasion

@: about to teleport, blade hands, very slow, somewhat resistant to hostile
enchantments, unstealthy
A: see invisible, deformed body, poison resistance, slowness 2, slow metabolism
1, spit poison 2, AC +4
a: Spit Poison, End Transformation, Bend Time, Temporal Distortion, Slouch, Step
From Time, Renounce Religion


You were on level 2 of the Lair of Beasts.
You worshipped Cheibriados.
Cheibriados was exalted by your worship.
You were hungry.
You had blades for hands.
You visited 2 branches of the dungeon, and saw 13 of its levels.

You collected 570 gold pieces.
You spent 264 gold pieces at shops.

Inventory:

Missiles
 a - 101 arrows
Armour
 y - the +1 leather armour "Tafefen" (worn) {Str+5 Int+2 Slay+2}
   (You found it on level 4 of the Dungeon)

   It affects your strength (+5).
   It affects your intelligence (+2).
   It affects your accuracy and damage with ranged weapons and melee attacks
   (+2).
 D - a +0 cloak (worn)
 I - a cursed +0 large shield
 J - a +0 pair of gloves (melded)
Jewellery
 i - a +2 ring of evasion (left scythe-like blade)
 j - an uncursed ring of protection from fire
 v - a +2 ring of evasion (right scythe-like blade)
 C - an uncursed ring of positive energy
 K - an amulet of regeneration (around neck)
 P - an uncursed amulet of stasis
 W - an uncursed ring of flight
Magical devices
 o - a wand of slowing (27)
 s - a wand of digging (8)
 F - a wand of cold (5)
 M - a wand of teleportation (2)
 N - a wand of lightning (7)
Scrolls
 b - 5 scrolls of teleportation
 e - a scroll of identify
 f - 3 scrolls of immolation
 h - 3 scrolls of enchant weapon
 k - 2 scrolls of recharging
 l - a scroll of fog
 A - 2 scrolls of amnesia
 O - 3 scrolls of magic mapping
Potions
 g - 2 potions of heal wounds
 m - a potion of flight
 n - 6 potions of curing
 u - a potion of might
 w - a potion of agility
 z - a potion of mutation
Books
 c - a book of Changes

   Spells                             Type                      Level
   a - Beastly Appendage              Transmutation                1
   b - Sticks to Snakes               Transmutation                2
   c - Spider Form                    Transmutation/Poison         3
   d - Ice Form                       Ice/Transmutation            4
   e - Blade Hands                    Transmutation                5
 E - a book of Battle

   Spells                             Type                      Level
   a - Infusion                       Charms                       1
   b - Shroud of Golubria             Charms/Translocation         2
   c - Song of Slaying                Charms                       2
   d - Spectral Weapon                Hexes/Charms                 3
   e - Regeneration                   Charms/Necromancy            3
Comestibles
 d - 12 bread rations
 q - 4 meat rations
 r - a beef jerky
 x - 2 slices of pizza
 T - 2 fruits


   Skills:
 + Level 1.8 Fighting
 + Level 4.9 Dodging
 * Level 13.0 Unarmed Combat
 - Level 6.2 Spellcasting
 - Level 9.0 Transmutations
 + Level 7.5 Invocations


You had 10 spell levels left.
You knew the following spells:

 Your Spells              Type           Power        Failure   Level  Hunger
a - Beastly Appendage     Trmt           ######       8%          1    None
b - Sticks to Snakes      Trmt           ######....   10%         2    None
c - Blade Hands           Trmt           ######....   24%         5    ####...
d - Regeneration          Chrm/Necr      ##........   50%         3    None
e - Shroud of Golubria    Chrm/Tloc      ##........   41%         2    None


Dungeon Overview and Level Annotations

Branches:
Dungeon (11/15)            Temple (0/1) D:6            Lair (2/8) D:8
    Orc (0/4) D:9

Altars:
Ashenzari
Cheibriados
Elyvilon
Gozag
Makhleb
Nemelex Xobeh
Okawaru
Qazlal
Sif Muna
Trog
Vehumet
Yredelemnul
Zin
The Shining One

Shops:
D:8 *


Innate Abilities, Weirdness & Mutations

You cannot wear boots.
Your serpentine skin is tough (AC +4).
You have supernaturally acute eyesight.
Armour fits poorly on your strangely shaped body.
Your system is resistant to poisons.
You cover ground very slowly.
You have a slow metabolism.
You can spit poison.


Message History

Cheibriados appreciates the change of pace.
The yak gores you!
* * * LOW HITPOINT WARNING * * *
Unknown command.
Unknown command.
You barely miss the yak. The yak closely misses you. The yak misses you.
The yak completely misses you.
Unknown command.
Unknown command.
You shred the yak!!!
You kill the yak!
Cheibriados appreciates the change of pace.
The yak misses you. The yak barely misses you. The yak misses you.
Unknown command.
Unknown command.
Your leather armour "Tafefen" prevents you from hitting the yak.
The yak gores you!
* * * LOW HITPOINT WARNING * * *
The yak gores you!
You die...

.....#.............
.##.......##..##...
.........#.#...#
.<..........#..#
...#.#......#..##
..##........#...##+##
............#..##P..#
..##.....#..#..##Y.#
...............#@Y.##..
######.###......Y.......
## #..............
#.....#####..#. #.....#
## #.....P #......
#.....# #/....


You could see 3 yaks.

Vanquished Creatures
  A hydra (D:10)
  The ghost of 4thArraOfDagon the Cleaver, a novice DDBe of Trog (D:11)
  An ugly thing (D:11)
  Joseph (D:8)
  A komodo dragon (Lair:2)
  A black mamba (Lair:1)
  4 spiny frogs
  4 trolls
  The ghost of Hedron the Magician, an experienced DEFE of Ashenzari (D:4)
  Prince Ribbit (D:6)
  A two-headed ogre (D:9)
  3 wyverns
  A spriggan (D:7)
  3 hippogriffs
  11 yaks
  A basilisk (Lair:2)
  A warg (D:9)
  5 water moccasins
  3 phantoms
  4 porcupines
  A sky beast (D:7)
  6 ogres
  An orc warrior (D:8)
  3 crocodiles
  4 centaurs
  10 giant frogs
  A scorpion (D:5)
  4 killer bees (D:7)
  A crimson imp (D:9)
  4 orc priests
  A giant frog zombie (D:9)
  A wasp zombie (D:10)
  2 centaur zombies
  9 hounds
  3 jellies
  A giant frog skeleton (D:9)
  An iguana (Lair:1)
  5 orc wizards
  13 worker ants
  A hound zombie (D:8)
  3 hound skeletons
  Robin (D:3)
  10 adders
  A shadow imp (D:10)
  16 river rats (Lair:1)
  2 oozes
  An adder skeleton (D:7)
  2 worms
  6 giant geckos
  30 orcs
  2 ball pythons
  2 giant cockroaches
  2 gnoll zombies (D:7)
  25 goblins
  7 hobgoblins
  13 jackals
  6 kobolds
  5 quokkas
  9 bats
  6 giant newts
  2 quokka skeletons
  2 quokka zombies
  12 rats
286 creatures vanquished.

Vanquished Creatures (collateral kills)
  The ghost of 4thArraOfDagon the Basher, a novice OgHu of Cheibriados (D:10)
  Sigmund (D:3)
  2 yaks (D:8)
  An orc warrior (D:9)
  A phantom (D:6)
  A crimson imp (D:9)
  2 orc priests (D:9)
  An orc wizard (D:9)
  A giant frog skeleton (D:4)
  A worker ant (D:4)
  6 orcs (D:9)
  A goblin (D:9)
  A quokka zombie (D:9)
20 creatures vanquished.

Vanquished Creatures (others)
  A plant (Lair:2)
1 creature vanquished.

Grand Total: 307 creatures vanquished

Notes
Turn   | Place    | Note
--------------------------------------------------------------
     0 | D:1      | HungrySpirit the Naga Transmuter began the quest for the Orb.
     0 | D:1      | Reached XP level 1. HP: 18/18 MP: 3/3
   293 | D:1      | Reached XP level 2. HP: 16/25 MP: 3/5
  1347 | D:1      | Reached XP level 3. HP: 31/31 MP: 4/6
  1489 | D:1      | Learned a level 2 spell: Sticks to Snakes
  1985 | D:2      | Found a snail-covered altar of Cheibriados.
  2048 | D:2      | Became a worshipper of Cheibriados the Contemplative
  2109 | D:2      | Reached skill level 4 in Unarmed Combat
  2213 | D:2      | Found a glowing golden altar of the Shining One.
  2213 | D:2      | Found an iron altar of Okawaru.
  2366 | D:2      | Reached XP level 4. HP: 35/38 MP: 5/7
  2390 | D:2      | Found a bloodstained altar of Trog.
  2644 | D:2      | Acquired Cheibriados's first power
  3164 | D:3      | Reached XP level 5. HP: 34/44 MP: 6/8
  3272 | D:3      | Noticed Sigmund
  3289 | D:3      | Noticed an ogre
  3299 | D:3      | Killed an ogre
  3299 | D:3      | Reached skill level 5 in Unarmed Combat
  3625 | D:3      | Killed Sigmund
  3625 | D:3      | Reached XP level 6. HP: 51/51 MP: 3/10
  3862 | D:3      | Noticed Robin
  3881 | D:3      | Killed Robin
  4381 | D:4      | Learned a level 5 spell: Blade Hands
  4561 | D:4      | Found a shattered altar of Ashenzari.
  4606 | D:4      | Reached skill level 6 in Unarmed Combat
  4606 | D:4      | Reached XP level 7. HP: 43/57 MP: 12/12
  4767 | D:4      | Acquired Cheibriados's second power
  4779 | D:4      | Got a faintly humming leather armour
  4785 | D:4      | Identified the +1 leather armour "Tafefen" {Str+5 Int+2 Slay+2} (You found it on level 4 of the Dungeon)
  4910 | D:4      | Noticed Hedron's ghost (experienced DEFE)
  4920 | D:4      | Killed Hedron's ghost
  4972 | D:4      | Found a stormy altar of Qazlal.
  5020 | D:4      | Reached XP level 8. HP: 22/64 MP: 14/14
  5416 | D:4      | Found a white marble altar of Elyvilon.
  5422 | D:4      | Reached skill level 7 in Unarmed Combat
  5545 | D:5      | Entered Level 5 of the Dungeon
  5796 | D:5      | Found a glowing silver altar of Zin.
  5808 | D:5      | Reached skill level 5 in Transmutations
  6145 | D:5      | Acquired Cheibriados's third power
  6283 | D:5      | Found a stormy altar of Qazlal.
  6388 | D:5      | Found a burning altar of Makhleb.
  6506 | D:6      | Found a staircase to the Ecumenical Temple.
  6579 | D:6      | Reached skill level 8 in Unarmed Combat
  6626 | D:6      | Noticed Prince Ribbit
  6634 | D:6      | Killed Prince Ribbit
  6634 | D:6      | Reached skill level 5 in Spellcasting
  6736 | D:6      | Reached XP level 9. HP: 59/70 MP: 16/16
  6895 | D:6      | Acquired Cheibriados's fourth power
  6908 | D:6      | Reached skill level 9 in Unarmed Combat
  7685 | D:7      | Reached skill level 1 in Invocations
  8210 | D:7      | Found a basalt altar of Yredelemnul.
  8393 | D:8      | Found a radiant altar of Vehumet.
  8399 | D:8      | Reached skill level 10 in Unarmed Combat
  8478 | D:8      | Reached XP level 10. HP: 20/78 MP: 13/18
  8789 | D:8      | Found Iptil's Elemental Accessories.
  8805 | D:8      | Bought a wand of digging (8) for 264 gold pieces
  8941 | D:8      | Upgraded the game from 0.17-a0-1954-g0dddeaa to 0.17-a0-1968-g88670c1
  9081 | D:8      | Found a deep blue altar of Sif Muna.
  9082 | D:8      | Noticed Joseph
  9101 | D:8      | Killed Joseph
  9167 | D:8      | Found a staircase to the Lair.
  9520 | D:9      | Found a staircase to the Orcish Mines.
  9650 | D:9      | Found a sparkling altar of Nemelex Xobeh.
  9655 | D:9      | Reached skill level 11 in Unarmed Combat
  9796 | D:9      | Reached skill level 5 in Invocations
 10148 | D:9      | Found an opulent altar of Gozag.
 10214 | D:10     | Entered Level 10 of the Dungeon
 10514 | D:10     | Noticed 4thArraOfDagon's ghost (novice OgHu)
 10522 | D:10     | Killed 4thArraOfDagon's ghost
 10522 | D:10     | Reached XP level 11. HP: 84/84 MP: 16/19
 10569 | D:10     | Noticed a five-headed hydra
 10584 | D:10     | Killed a five-headed hydra
 10805 | D:10     | Reached skill level 12 in Unarmed Combat
 10972 | D:11     | Noticed 4thArraOfDagon's ghost (novice DDBe)
 11056 | D:11     | Killed 4thArraOfDagon's ghost
 11201 | Lair:1   | Entered Level 1 of the Lair of Beasts
 11443 | Lair:1   | Learned a level 3 spell: Regeneration
 11446 | Lair:1   | Learned a level 2 spell: Shroud of Golubria
 11696 | Lair:1   | Upgraded the game from 0.17-a0-1968-g88670c1 to 0.17-a0-1970-g7a13dd1
 12511 | Lair:2   | Reached XP level 12. HP: 92/92 MP: 15/21
 12519 | Lair:2   | Reached skill level 13 in Unarmed Combat
 12526 | Lair:2   | HP: 1/93 [yak (15)]
 12526 | Lair:2   | Mangled by a yak

Vault maps used:
D:1:      dpeg_arrival_water_temple_mockup
D:2:      cheibriados_altar_1, nicolae_overflow_hidden_temple, minitemple,
          trog_butcher_becter
D:3:      kennysheep_generic_room_16, uniq_robin, uniq_sigmund
D:4:      kennysheep_mini_moat, kennysheep_little_box, ashenzari_altar_1
D:5:      zin_statuary, makhleb_blood_cavern_becter, first_bread,
          nicolae_qazlal_style_of_elements
D:6:      minmay_temple_entry_large_hall, eino_small_chamber_without_monster,
          due_unseen_surprise, uniq_prince_ribbit1
D:7:      lemuel_zombie_altar_yredelemnul, minmay_tree_intersection, the_bakery
D:8:      old_standard_altar, old_standard_altar, lair_0_dummy,
          nicolae_elemental_shop, uniq_joseph
D:9:      lemuel_coloured_pillars_altar, erik_orc_4, nemelex_deck
D:11:     enter_bailey_3, serial_glass, glass_columns_b, glass_columns_c,
          minmay_strange_pillars
Lair:2:   lemuel_fruit_tree, serial_bayou_shore_a, grunt_megastairs_4

Action                   |  1- 3 |  4- 6 |  7- 9 | 10-12 || total
-------------------------+-------+-------+-------+-------++-------
Melee: Unarmed           |   149 |   157 |   205 |   346 ||   857
 Cast: Beastly Appendage |    16 |    18 |    32 |    44 ||   110
       Sticks to Snakes  |       |    12 |    10 |    17 ||    39
       Blade Hands       |       |       |       |     1 ||     1
Evoke: Wand              |       |       |       |     1 ||     1
  Use: Scroll            |       |       |    10 |    12 ||    22
       Potion            |       |       |       |    11 ||    11
 Stab: Sleeping          |     3 |     1 |     1 |     3 ||     8
       Distracted        |       |     1 |     3 |     4 ||     8
  Eat: Chunk             |     3 |     6 |     4 |     6 ||    19
       Royal jelly       |       |       |     1 |       ||     1
       Pizza             |       |       |     2 |       ||     2
       Fruit             |       |       |       |     3 ||     3
